 Dungeon Crawl Stone Soup version 0.20.1-1-g8b1a95d66d (webtiles) character file.

68 NullDivider the Digger (level 4, 0/27 HPs)
             Began as an Octopode Earth Elementalist on Nov 14, 2017.
             Succumbed to an adder's poison
             ... on level 3 of the Dungeon.
             The game lasted 00:11:23 (2165 turns).

NullDivider the Digger (OpEE)                       Turns: 2165, Time: 00:11:24

Health: 0/27       AC:  1    Str:  7    XL:     4   Next: 19%
Magic:  0/7        EV: 13    Int: 18    God:
Gold:   153        SH:  0    Dex: 12    Spells: 7/8 levels left

rFire    . . .     SeeInvis .   l - +2 dagger (venom)
rCold    . . .     Gourm    .   (no shield)
rNeg     . . .     Faith    .   (helmet restricted)
rPois    .         Spirit   .   (no amulet)
rElec    .         Reflect  .   (no ring)
rCorr    .         Harm     .   (no ring)
MR       .....                  (no ring)
Stlth    +++.......             (no ring)
Regen    0.1/turn               (no ring)
MPRegen  0.1/turn               (no ring)
                                (no ring)
                                (no ring)

@: lethally poisoned (0 -> -12)
A: almost no armour, stealthy swim, amphibious, 8 rings, constrict 8, camouflage
1, gelatinous body 1
a: no special abilities


You were on level 3 of the Dungeon.
You were not hungry.

You visited 1 branch of the dungeon, and saw 3 of its levels.

You collected 153 gold pieces.

Inventory:

Hand Weapons
 a - a +0 vampiric short sword
 l - a +2 dagger of venom (weapon)
Missiles
 b - 90 stones (quivered)
Scrolls
 g - a scroll of fear {unknown}
 i - 2 scrolls of enchant armour {unknown}
 j - a scroll of amnesia {unknown}
 o - a scroll of teleportation {unknown}
 p - a scroll of identify {unknown}
Potions
 c - a potion of invisibility
 e - a potion of degeneration {unknown}
 h - a potion of flight {unknown}
 k - a potion of mutation {unknown}
 m - a potion of lignification {unknown}
 r - a potion of magic {unknown}
 s - a potion of curing {unknown}
Books
 d - a book of Geomancy

   Spells                             Type                      Level
   a - Sandblast                      Earth                        1
   b - Passwall                       Transmutation/Earth          2
   c - Stone Arrow                    Conjuration/Earth            3
   d - Petrify                        Transmutation/Earth          4
   e - Lee's Rapid Deconstruction     Earth                        5
Comestibles
 f - 2 meat rations
 n - 4 fruits
 q - a bread ration
 t - a chunk of flesh


   Skills:
 + Level 0.8 Fighting
 * Level 1.0 Short Blades
 + Level 2.2 Dodging
 + Level 3.5 Stealth
 + Level 2.5 Spellcasting
   Level 1.0 Transmutations
 + Level 3.7 Earth Magic


You had 7 spell levels left.
You knew the following spells:

 Your Spells              Type           Power        Failure   Level  Hunger
a - Sandblast             Erth           ###...       3%          1    #......


Dungeon Overview and Level Annotations

Branches:
Dungeon (3/15)

Altars:
Ashenzari
Uskayaw


Innate Abilities, Weirdness & Mutations

You cannot wear most types of armour.
You are very stealthy in the water. (Stealth+)
You are amphibious.
You can wear up to eight rings at the same time.
You can use your tentacles to constrict eight enemies at once.
Your skin changes colour to match your surroundings (Stealth+).
Your rubbery body absorbs attacks. (AC +1, EV +1)


Message History

Casting: Sandblast
Confirm with . or Enter, or press ? or * to list all spells.
Aiming: Sandblast
Press: ? - help, Shift-Dir - straight line, f/p - adder
Aim: an adder (heavily wounded)
The blast of sand misses the adder.
b - 91 stones
* * * LOW HITPOINT WARNING * * *
You feel sick. The adder bites you.
* * * LOW HITPOINT WARNING * * *
You are more poisoned.
The adder poisons you!
Casting: Sandblast
Confirm with . or Enter, or press ? or * to list all spells.
Aiming: Sandblast
Press: ? - help, Shift-Dir - straight line, p - adder The blast of sand hits the adder.
You kill the adder!
b - 90 stones You die...

###.##....... #
#............
#.#.#.#.÷......
#.#)#..........
#.....#........
########<####.#....#
...####.####......#
####.#.......##.....#
#..†@.<)#.##.# .###.#
#.##.#..#.# # .# .#
......... ..
..##.....##[. ##
#......#..
..?.......#
##......#.##
#.....##.#


There were no monsters in sight!

Vanquished Creatures
  2 gnolls (D:2)
  An adder (D:3)
  A leopard gecko (D:1)
  An orc (D:3)
  3 giant cockroaches (D:2)
  9 goblins
  3 hobgoblins
  4 kobolds
  A quokka (D:2)
  3 bats
  5 frilled lizards (D:1)
  6 rats
39 creatures vanquished.

Notes
Turn   | Place    | Note
-------+----------+-------------------------------------------
     0 | D:1      | NullDivider the Octopode Earth Elementalist began the quest for the Orb.
     0 | D:1      | Reached XP level 1. HP: 11/11 MP: 3/3
   166 | D:1      | Reached XP level 2. HP: 10/17 MP: 5/5
   777 | D:2      | Found a shattered altar of Ashenzari.
   867 | D:2      | Reached XP level 3. HP: 21/21 MP: 6/6
  1121 | D:2      | HP: 1/22 [gnoll/spear (7)]
  1813 | D:2      | Reached skill level 1 in Short Blades
  2035 | D:2      | Found a hide-covered altar of Uskayaw.
  2132 | D:3      | Reached XP level 4. HP: 27/27 MP: 7/7
  2164 | D:3      | HP: 1/27 [adder (3)]
  2165 | D:3      | Succumbed to an adder's poison

Skill      XL: |  1  2  3 |
---------------+----------+-----
Stealth        | 3 |  3.5
Short Blades   | 1 |  1.0
Fighting       | |  0.8
Dodging        | |  2.2
Spellcasting   | |  2.5
Transmutations | |  1.0
Earth Magic    | |  3.7

Action                   |  1- 3 |  4- 6 || total
-------------------------+-------+-------++-------
Melee: Unarmed           |    18 |       ||    18
       Constrict         |    13 |       ||    13
       Tentacles         |     7 |       ||     7
       Short sword       |    28 |       ||    28
       Dagger            |    26 |     4 ||    30
 Cast: Sandblast         |    16 |     7 ||    23
  Use: Potion            |     1 |       ||     1
 Stab: Sleeping          |    12 |       ||    12
  Eat: Bread ration      |     1 |       ||     1
       Chunk             |     4 |       ||     4
Armor: Skin              |     3 |     2 ||     5
Dodge: Dodged            |    46 |     4 ||    50
